 Dungeon Crawl Stone Soup version 0.27-a0-1565-gad902ab807 (webtiles) character file.

Game seed: 1138938608106069630

96 ezpacito the Skirmisher (level 4, 0/52 HPs)
             Began as a Demonspawn Abyssal Knight on July 16, 2021.
             Was a Follower of Lugonu.
             Slain by a gnoll (5 damage)
             ... on level 3 of the Dungeon.
             The game lasted 00:03:04 (2289 turns).

ezpacito the Skirmisher (Demonspawn Abyssal Knight) Turns: 2289, Time: 00:03:04

Health: 0/52       AC:  6    Str: 13    XL:     4   Next: 41%
Magic:  6/6        EV: 11    Int: 13    God:    Lugonu [*.....]
Gold:   104        SH:  4    Dex: 13    Spells: 3/3 levels left

rFire    . . .     SeeInvis .   a - +1 hand axe
rCold    . . .     Faith    .   d - +0 buckler
rNeg     . . .     Spirit   .   i - +0 ring mail
rPois    .         Reflect  .   (helmet restricted)
rElec    .         Harm     .   (no cloak)
rCorr    .         Rampage  .   f - +0 pair of gloves
Will     .....                  (no boots)
Stlth    ..........             (no amulet)
HPRegen  0.17/turn              l - ring of flight
MPRegen  0.10/turn              (no ring)

@: berserking (expiring), flying, very quick
A: horns 1, sturdy frame 1
a: Renounce Religion, Depart the Abyss


You were on level 3 of the Dungeon.
You worshipped Lugonu.
Lugonu was aware of your devotion.
You visited 1 branch of the dungeon, and saw 3 of its levels.
You visited the Abyss 1 time.

You collected 104 gold pieces.

Inventory:

Hand Weapons
 a - a +1 hand axe (weapon)
Missiles
 h - 26 stones
Armour
 d - a +0 buckler (worn)
 f - a +0 pair of gloves (worn)
 i - a +0 ring mail (worn)
Magical Staves
 k - a staff of cold
Jewellery
 l - a ring of flight (left hand)
Scrolls
 b - a scroll of enchant armour {unknown}
 c - a scroll of immolation {unknown}
 e - 2 scrolls of identify {unknown}
Potions
 j - a potion of ambrosia {unknown}
 m - a potion of flight {unknown}


   Skills:
 + Level 3.3 Fighting
 * Level 2.4 Axes
 * Level 2.3 Armour
 + Level 1.5 Dodging
 * Level 1.5 Shields
 + Level 3.1 Invocations


You had 3 spell levels left.
You didn't know any spells.
Your spell library contained the following spells:

 Spells                   Type           Power      Damage    Failure   Level
 Dispersal                Tloc           0%         N/A       100%        6
 Disjunction              Tloc           0%         N/A       100%        8


Dungeon Overview and Level Annotations

Branches:
Dungeon (3/15)

Altars:


Innate Abilities, Weirdness & Mutations

You have a pair of small horns on your head.
Your movements are slightly less encumbered by armour. (ER -2)


Message History

The gnoll is severely wounded.
The gnoll closely misses you. You block the gnoll's attack.
You slash the gnoll!
You kill the gnoll!
Lugonu accepts your kill.
The gnoll hits you from afar with a +0 halberd.
* * * LOW HITPOINT WARNING * * *
You hit the gnoll. Your headbutt misses the gnoll.
The gnoll is heavily wounded.
The gnoll barely misses you. x2
You completely miss the gnoll.
The gnoll is heavily wounded.
The gnoll barely misses you.
The gnoll hits you from afar with a +0 spear.
* * * LOW HITPOINT WARNING * * *
The gnoll barely misses you.
You barely miss the gnoll.
The gnoll is heavily wounded.
The gnoll hits you but does no damage. The gnoll barely misses you. x2
You slash the gnoll!
You kill the gnoll!
Lugonu accepts your kill. The gnoll closely misses you.
The gnoll closely misses you.
Things that are here:
a +0 flail; a +0 club; a gnoll corpse You hit the gnoll.
The gnoll is moderately wounded.
You barely miss the gnoll. The gnoll hits you with a +0 spear.
* * * LOW HITPOINT WARNING * * *
The gnoll barely misses you.
You slash the gnoll! Your headbutt misses the gnoll.
The gnoll is almost dead.
You completely miss the gnoll. The gnoll hits you with a +0 spear.
* * * LOW HITPOINT WARNING * * *
The gnoll closely misses you.
You barely miss the gnoll.
The gnoll is almost dead.
You barely miss the gnoll. The gnoll hits you with a +0 spear.
You die...

### # #.. #. #.### #.
#.#.. #####.# #.#.#####
### ....... #.#.....
....
......g##.#.#.###..##.#
......g@)......>......#
.......##.#>#...#..#..#
....... #.#.#.†.#..#..#
.......
#.#...........#.
.......
#.####.##..#..#.
###+###
#+#.............
......#.##..#....
......#........##
......#####......


You could see 2 gnolls.

Vanquished Creatures
  2 gnolls (D:3)
  An adder (D:3)
  A worm (D:2)
  3 dart slugs
  6 endoplasms
  5 giant cockroaches
  5 goblins
  3 hobgoblins
  9 jackals
  2 quokkas
  A ball python (D:1)
  3 bats
  4 frilled lizards
  6 kobolds
  3 rats
54 creatures vanquished.

Notes
Turn   | Place    | Note
-------+----------+-------------------------------------------
     0 | Abyss:1  | ezpacito the Demonspawn Abyssal Knight began the quest for
                  | the Orb.
     0 | Abyss:1  | Reached XP level 1. HP: 18/18 MP: 2/2
    75 | Abyss:1  | Noticed an orange demon
   107 | Abyss:1  | Noticed a raiju
   110 | Abyss:1  | Noticed a raiju
   115 | Abyss:2  | Noticed a thrashing horror
   126 | D:1      | Escaped the Abyss
   365 | D:1      | Found a faded altar of an unknown god.
   405 | D:1      | Reached skill level 1 in Dodging
   534 | D:1      | Gained mutation: Your movements are slightly less
                  | encumbered by armour. (ER -2) [demonic ancestry]
   534 | D:1      | Reached XP level 2. HP: 16/24 MP: 3/3
  1421 | D:2      | Gained mutation: You have a pair of small horns on your
                  | head. [demonic ancestry]
  1421 | D:2      | Reached XP level 3. HP: 28/29 MP: 5/5
  1462 | D:2      | Reached skill level 1 in Shields
  1485 | D:2      | Reached * piety under Lugonu
  2255 | D:3      | Reached XP level 4. HP: 35/35 MP: 6/6
  2289 | D:3      | Slain by a gnoll

Illustrated notes

Levels and vault maps discovered:
D:1:      minmay_arrival_loop, layout_loops_ring,
          shapermc_ecumenical_altar_starsandcircs
D:2:      layout_rooms, hangedman_decor_push
D:3:      minmay_roachtagon, layout_basic, grunt_qazlal_sundering,
          makhleb_altar_promises_db, nicolae_overflow_hidden_temple

Skill      XL: |  1  2  3 |
---------------+----------+-----
Dodging        | 1 |  1.5
Armour         | 2 |  2.3
Axes           | 2 |  2.4
Shields        | 1 |  1.5
Invocations    | 3 |  3.1
Fighting       | |  3.3

Action                   |  1- 3 |  4- 6 || total
-------------------------+-------+-------++-------
Melee: Hand axe          |   107 |    15 ||   122
       Headbutt          |     6 |       ||     6
Invok: Depart the Abyss  |     1 |       ||     1
  Use: Potion            |       |     1 ||     1
 Stab: Sleeping          |     1 |       ||     1
Armor: Leather armour    |    16 |       ||    16
       Ring mail         |    25 |     3 ||    28
Dodge: Dodged            |    85 |    17 ||   102
Block: Buckler           |    15 |     2 ||    17

Table legend: (Time is in decaauts)
 A = Elapsed time spent in this place.
 B = Non-inter-level travel time spent in this place.
 C = Inter-level travel time spent in this place.
 D = Time resting spent in this place.
 E = Time spent auto-exploring this place.
 F = Levels seen in this place.
 G = Mean time per level.
                   A        B        C        D        E       F      G
               +--------+--------+--------+--------+--------+-----+--------+
         Total |   2316 |   2210 |    106 |    635 |   1212 |   5 |  463.2 |
       Dungeon |   2188 |   2082 |    106 |    635 |   1137 |   3 |  729.3 |
         Abyss |    127 |    127 |      0 |      0 |     75 |   2 |   63.5 |
               +--------+--------+--------+--------+--------+-----+--------+

Top non-repeatable levels by time:
     D:1: 1301 daAuts
     D:2: 829 daAuts
 Abyss:1: 114 daAuts
     D:3: 58 daAuts
 Abyss:2: 12 daAuts
